 Dungeon Crawl Stone Soup version 0.30.1-11-g7821555f0a (webtiles) character file.

Game seed: 12112872929312466217

16774 KittyFluff the Protected (level 12, 0/76 HPs)
             Began as a Gargoyle Berserker on Oct 29, 2023.
             Was a High Priest of Trog.
             Slain by a death yak (19 damage)
             ... on level 2 of the Lair of Beasts.
             The game lasted 01:03:04 (13047 turns).

KittyFluff the Protected (Gargoyle Berserker)      Turns: 13047, Time: 01:03:05

Health: 0/76       AC: 23    Str: 32    XL:     12   Next: 41%
Magic:  12/12      EV: 18    Int: 15    God:    Trog [*****.]
Gold:   641        SH:  0    Dex:  9    Spells: 11/11 levels left

rFire   + . .        I - +4 mace "Hellblazer" {flame, Will+}
rCold   + + .        (no shield)
rNeg    + . .        n - +1 leather armour {rC+}
rPois   ∞            j - +1 helmet
rElec   +            V - scarf {rC+ rF+}
rCorr   .            A - +1 pair of gloves of Watchfulness {Int+7 Stlth+}
SInv    .            v - +2 pair of boots
Will    +....        u - amulet of the acrobat
Stlth   ++           r - +6 ring of strength
HPRegen 0.32/turn    z - +5 ring of evasion
MPRegen 0.13/turn

%: acrobat
@: studying Armour
A: sickness immunity, AC +8, negative energy resistance 1, electricity
resistance, torment resistance 1, petrification resistance
a: Renounce Religion, Berserk, Trog's Hand, Brothers in Arms


You were on level 2 of the Lair of Beasts.
You worshipped Trog.
Trog was extremely pleased with you.
You visited 2 branches of the dungeon, and saw 12 of its levels.
You also visited: Sewer and Ossuary.

You collected 641 gold pieces.

Inventory:

Hand Weapons
 C - a +0 quarterstaff of freezing
 I - the +4 mace "Hellblazer" (weapon) {flame, Will+}
   (Trog gifted it to you on level 1 of the Lair of Beasts)

   Will:      It increases your willpower.
Missiles
 g - 20 poisoned darts (quivered)
 y - 2 javelins
 H - 4 boomerangs
 L - 4 throwing nets
 R - 7 curare-tipped darts
Armour
 j - a +1 helmet (worn)
 n - a +1 leather armour of cold resistance (worn)
 v - a +2 pair of boots (worn)
 w - a scarf of repulsion
 A - the +1 pair of gloves of Watchfulness (worn) {Int+7 Stlth+}
   (You found it on level 4 of the Dungeon)

   Int:       It affects your intelligence (+7).
   Stlth:     It makes you more stealthy.
 G - a +0 leather armour of fire resistance
 V - a scarf of resistance (worn)
Jewellery
 b - a ring of see invisible
 f - a ring of positive energy
 m - the ring "Curekuh" {rF+ AC+4 Int+4}
   (You found it on level 2 of the Dungeon)

   [ring of protection]

   AC:        It affects your AC (+4).
   Int:       It affects your intelligence (+4).
   rF:        It protects you from fire.
 r - a +6 ring of strength (left hand)
 u - an amulet of the acrobat (around neck)
 z - a +5 ring of evasion (right hand)
 M - a ring of ice
 N - a +6 ring of strength
 Q - a ring of protection from cold
Wands
 J - a wand of charming (24)
 T - a wand of flame (18)
 Y - a wand of mindburst (12)
 Z - a wand of iceblast (6)
Scrolls
 c - 6 scrolls of teleportation
 d - 2 scrolls of immolation {unknown}
 e - 3 scrolls of enchant armour {unknown}
 i - 2 scrolls of torment {unknown}
 o - 2 scrolls of vulnerability {unknown}
 s - 2 scrolls of silence
 B - 2 scrolls of poison
 F - 2 scrolls of enchant weapon
 K - 2 scrolls of brand weapon {unknown}
 P - 2 scrolls of magic mapping {unknown}
 S - a scroll of fear
 U - a scroll of acquirement
 X - a scroll of blinking
Potions
 a - 3 potions of berserk rage
 h - 7 potions of curing
 k - 3 potions of cancellation
 l - 2 potions of heal wounds
 p - 2 potions of mutation {unknown}
 q - 2 potions of flight {unknown}
 t - 2 potions of attraction {unknown}
 x - 3 potions of ambrosia
 D - a potion of lignification
 E - 2 potions of invisibility
 O - 2 potions of haste
 W - a potion of might


   Skills:
 + Level 9.0 Fighting
 * Level 11.3(11.7) Maces & Flails
 + Level 4.7(8.6) Staves
 * Level 12.3 Armour
 + Level 6.5 Dodging
 + Level 4.9 Evocations


You had 11 spell levels left.
You didn't know any spells.
Your spell library was empty.

Dungeon Overview and Level Annotations

Branches:
Dungeon (10/15)            Temple (0/1) D:6            Lair (2/5) D:8
 Spider (0/4) Lair:2        Sewer (visited)         Ossuary (visited)
  Swamp: Lair:2-3    Shoals: Lair:2-3       Orc: D:9-12

Altars:
Ashenzari
Cheibriados
Dithmenos
Elyvilon
Ru


Innate Abilities, Weirdness & Mutations

You are immune to sickness and miasma.
Your stone body is resilient. (AC +8)
You are immune to poison.
You resist negative energy. (rN+)
You are resistant to electric shocks. (rElec)
You are resistant to unholy torment.
You are immune to petrification.


Message History

You sock the death yak! You burn the death yak.
The death yak is moderately wounded.
The death yak misses you.
You hit the death yak but do no damage.
The death yak is moderately wounded.
The death yak completely misses you.
You sock the death yak! You burn the death yak.
The death yak is moderately wounded.
You hit the death yak. You burn the death yak.
The death yak is moderately wounded.
A black mamba comes into view.
The death yak gores you.
The black mamba moves out of view.
You hit the death yak but do no damage.
The death yak is moderately wounded.
The death yak gores you!
You sock the death yak! You burn the death yak.
The death yak is heavily wounded.
The death yak gores you but does no damage.
You barely miss the death yak.
The death yak is heavily wounded.
The death yak barely misses you.
You barely miss the death yak.
The death yak is heavily wounded.
You sock the death yak! You burn the death yak.
The death yak is severely wounded.
The death yak gores you!
You sock the death yak! You burn the death yak.
The death yak is almost dead.
The death yak gores you!!
* * * LOW HITPOINT WARNING * * *
You feel much better. The death yak gores you!
* * * LOW HITPOINT WARNING * * *
You sock the death yak! You burn the death yak.
You kill the death yak!
Trog accepts your kill.
You sock the water moccasin! You burn the water moccasin.
You kill the water moccasin!
Trog accepts your kill.
You barely miss the death yak. The death yak gores you!!
You die...

## ###
#.###.###########.
#.................
#.................
#................#
#................+
#.........†.......
#.....#Y#........#
#..Y####@..###.#..
#.... ##..# #
#....# #.## .
#....# #.#####..
....#. #.........#
#P....##
#..........
#...#.P#...
#........#
#...#....#.


You could see a death yak.

Vanquished Creatures
  Fannar (D:10)
  A hydra (Lair:2)
  A catoblepas (Lair:1)
  2 two-headed ogres
  2 death yaks (Lair:2)
  Sonja (Lair:1)
  Pikel (D:5)
  2 black mambas
  The ghost of middlethird the Slasher, a novice VSMo (D:7)
  A cane toad (D:8)
  A rime drake (Lair:1)
  A komodo dragon (Lair:1)
  A polar bear (Lair:1)
  A queen bee (D:7)
  A troll (D:10)
  A hornet (D:7)
  6 slime creatures (D:10)
  3 wraiths
  2 wyverns
  A vampire (D:10)
  17 yaks
  A basilisk (Lair:2)
  2 wargs (D:8)
  5 water moccasins
  An orc warrior (D:8)
  2 ice beasts
  A sky beast (D:7)
  13 wolves
  4 centaurs
  A phantom (D:3)
  4 kobold brigands
  A lemure (D:5)
  4 bullfrogs
  8 wights
  5 killer bees (D:7)
  A howler monkey (D:6)
  4 hounds
  2 jellies
  A gnoll bouda (D:9)
  An orc priest (D:10)
  3 iguanas
  4 orc wizards
  A mummy (Ossuary)
  5 gnolls (D:9)
  5 river rats
  12 adders
  A shadow imp (D:6)
  2 white imps
  An ufetubus (D:5)
  4 worms
  4 dart slugs
  22 orcs
  7 ball pythons
  3 bats
  8 endoplasms
  7 giant cockroaches
  11 goblins
  8 hobgoblins
  5 jackals (Sewer)
  24 kobolds
  7 quokkas
  7 frilled lizards
  10 gnoll skeletons (Ossuary)
  6 kobold skeletons (Ossuary)
  9 orc skeletons (Ossuary)
  14 rats
299 creatures vanquished.

Vanquished Creatures (others)
  An endoplasm (D:3)
1 creature vanquished.

Grand Total: 300 creatures vanquished

Notes
Turn   | Place    | Note
-------+----------+-------------------------------------------
     0 | D:1      | KittyFluff the Gargoyle Berserker began the quest for the
                  | Orb.
     0 | D:1      | Reached XP level 1. HP: 14/14 MP: 1/1
   362 | D:1      | Reached XP level 2. HP: 5/19 MP: 2/2
   645 | D:1      | Reached XP level 3. HP: 20/23 MP: 3/3
   733 | D:1      | Reached ** piety under Trog
  1245 | D:2      | Reached skill level 3 in Armour
  1256 | D:2      | Identified the ring "Curekuh" {rF+ AC+4 Int+4}
  1772 | D:3      | Reached XP level 4. HP: 29/29 MP: 4/4
  1971 | D:3      | Reached *** piety under Trog
  2058 | D:3      | Found a broken altar of Ashenzari.
  2411 | D:3      | Noticed a phantom
  2425 | D:3      | Killed a phantom
  2426 | D:3      | Reached XP level 5. HP: 33/33 MP: 5/5
  2624 | D:3      | Reached skill level 4 in Armour
  2862 | D:4      | Found a shadowy altar of Dithmenos.
  2980 | D:4      | Noticed an ice beast
  3003 | D:4      | Killed an ice beast
  3004 | D:4      | Reached XP level 6. HP: 34/39 MP: 6/6
  3111 | D:4      | Identified the +1 pair of gloves of Watchfulness {Int+7
                  | Stlth+}
  3426 | D:4      | Reached skill level 5 in Maces & Flails
  3426 | D:4      | Reached skill level 5 in Armour
  3426 | D:4      | Reached XP level 7. HP: 44/44 MP: 7/7
  3593 | D:4      | Found a snail-covered altar of Cheibriados.
  3800 | D:5      | Entered Level 5 of the Dungeon
  4180 | D:5      | Reached **** piety under Trog
  4318 | D:5      | Noticed Pikel
  4351 | D:5      | Killed Pikel
  4352 | D:5      | Reached skill level 5 in Fighting
  4352 | D:5      | Reached skill level 6 in Armour
  4352 | D:5      | Reached XP level 8. HP: 42/49 MP: 8/8
  4696 | D:6      | Found a glowing drain.
  4708 | Sewer    | Entered a sewer
  5135 | Sewer    | Reached skill level 7 in Armour
  5291 | D:6      | You fall into a shaft and drop 2 floors!
  5292 | D:8      | Found a white marble altar of Elyvilon.
  5410 | D:8      | Found a sand-covered staircase.
  5419 | Ossuary  | Entered an ossuary
  5419 | Ossuary  | Noticed a wraith
  5419 | Ossuary  | Noticed a wraith
  5419 | Ossuary  | Noticed a wraith
  5538 | Ossuary  | Reached ***** piety under Trog
  5616 | Ossuary  | Noticed a wraith
  5671 | Ossuary  | Killed a wraith
  5672 | Ossuary  | Reached XP level 9. HP: 44/55 MP: 9/9
  5799 | D:7      | Noticed a queen bee
  5824 | D:7      | Noticed middlethird's ghost (novice VSMo)
  5880 | D:7      | Found a transporter.
  5896 | D:7      | Found a transporter.
  5947 | D:7      | Noticed a hornet
  5977 | D:7      | Killed a hornet
  5978 | D:7      | Reached skill level 8 in Armour
  6140 | D:6      | Found a staircase to the Ecumenical Temple.
  6858 | D:7      | Killed a queen bee
  6862 | D:7      | Killed middlethird's ghost
  6863 | D:7      | Reached skill level 1 in Evocations
  6940 | D:7      | Reached XP level 10. HP: 46/61 MP: 10/10
  7177 | D:8      | Noticed a two-headed ogre
  7191 | D:8      | Killed a two-headed ogre
  7192 | D:8      | Reached skill level 9 in Armour
  7192 | D:8      | Reached skill level 5 in Dodging
  7533 | D:8      | Found a staircase to the Lair.
  8167 | D:8      | Reached skill level 1 in Staves
  8722 | D:9      | Reached skill level 10 in Armour
  9576 | D:10     | Entered Level 10 of the Dungeon
  9631 | D:10     | Noticed Fannar
  9688 | D:10     | Killed Fannar
  9689 | D:10     | Reached XP level 11. HP: 38/68 MP: 11/11
 10329 | D:10     | Reached skill level 10 in Maces & Flails
 10563 | D:10     | Noticed a two-headed ogre
 10644 | D:10     | Killed a two-headed ogre
 10803 | D:10     | Found a sacrificial altar of Ru.
 11236 | Lair:1   | Entered Level 1 of the Lair of Beasts
 11248 | Lair:1   | Reached skill level 11 in Armour
 11808 | Lair:1   | Identified 2 scrolls of acquirement
 12117 | Lair:1   | Identified the +4 mace "Hellblazer" {flame, Will+} (Trog
                  | gifted it to you on level 1 of the Lair of Beasts)
 12117 | Lair:1   | Received a gift from Trog
 12292 | Lair:1   | Reached XP level 12. HP: 74/75 MP: 12/12
 12326 | Lair:1   | Noticed a catoblepas
 12344 | Lair:1   | Killed a catoblepas
 12354 | Lair:1   | Noticed Sonja
 12413 | Lair:1   | Killed Sonja
 12611 | Lair:1   | Acquired a manual of Armour
 12770 | Lair:2   | Noticed a six-headed hydra
 12785 | Lair:2   | Killed a six-headed hydra
 12914 | Lair:2   | Found a hole to the Spider Nest.
 12974 | Lair:2   | Reached skill level 12 in Armour
 13003 | Lair:2   | Noticed a death yak
 13022 | Lair:2   | Noticed a death yak
 13023 | Lair:2   | Noticed a death yak
 13026 | Lair:2   | Killed a death yak
 13045 | Lair:2   | Killed a death yak
 13047 | Lair:2   | Slain by a death yak

Illustrated notes

Levels and vault maps discovered:
D:1:      dpeg_arrival_signposts, layout_basic
D:2:      layout_basic
D:3:      kb_forest_paths, layout_basic, ashenzari_conservatory_becter
D:4:      layout_basic, mainiacjoe_overflow_surrounded_room, kennysheep_diamond,
          hex_intersection
D:5:      layout_basic, uniq_pikel
D:6:      layout_basic, temple_hall, gup_sewer_entry_bubbles,
          hangedman_decor_clover_reticule
D:7:      layout_rooms, gammafunk_ghost_hive
D:8:      layout_basic, lemuel_tele_altar, erik_lair_orcish_takeover,
          enter_ossuary_1
D:9:      layout_layer_cave, serial_rivers, chequers_serial_rivers_micro_b,
          chequers_serial_rivers_micro_b, chequers_serial_rivers_small_b,
          chequers_serial_rivers_small_b, chequers_serial_rivers_micro_d,
          chequers_serial_rivers_small_b
D:10:     layout_basic, nicolae_ru_awakened_eye, chequers_serial_rivers_small_a,
          st_stairs_5, moated_statue, uniq_fannar
Lair:1:   layout_regular_city, uniq_sonja
Lair:2:   layout_chaotic_city, nicolae_spider_entry_orb_guardian, minmay_holes

Skill      XL: |  1  2  3  4  5  6  7  8  9 10 11 12 |
---------------+-------------------------------------+-----
Armour         | 3 4 5 6 7 8 10 11 12 | 12.3
Dodging        | 2 3 4 5 6 |  6.5
Fighting       | 4 5 6 7 8 9 |  9.0
Maces & Flails | 4 5 6 7 8 9 10 11 | 11.3
Evocations     | 1 3 4 |  4.9
Staves         | 2 4 |  4.7

Action                     |  1- 3 |  4- 6 |  7- 9 | 10-12 || total
---------------------------+-------+-------+-------+-------++-------
  Melee: Mace              |   144 |   202 |   591 |   903 ||  1840
         Punch             |       |     3 |     5 |    20 ||    28
  Throw: Dart              |       |       |       |     3 ||     3
 Invoke: Berserk           |       |       |     1 |     5 ||     6
    Use: Scroll            |       |     4 |     4 |    11 ||    19
         Potion            |       |       |       |     2 ||     2
   Stab: Sleeping          |       |       |     7 |       ||     7
 Armour: Animal skin       |    51 |       |       |       ||    51
         Leather armour    |     9 |    96 |   214 |   342 ||   661
  Dodge: Dodged            |    91 |   142 |   564 |   805 ||  1602
